 Dungeon Crawl Stone Soup version 0.23-a0-650-ga4d50d4 (webtiles) character file.

63 GroovyGamera the Skirmisher (level 4, 0/29 HPs)
             Began as a Gargoyle Fighter on Jan 2, 2019.
             Killed from afar by an orc wizard (8 damage)
             ... with a magic dart
             ... on level 3 of the Dungeon.
             The game lasted 00:02:41 (1089 turns).

GroovyGamera the Skirmisher (Gargoyle Fighter)      Turns: 1089, Time: 00:02:41

Health: 0/29       AC: 15    Str: 20    XL:     4   Next: 9%
Magic:  4/4        EV:  3    Int:  9    God:
Gold:   139        SH:  9    Dex:  9    Spells: 3/3 levels left

rFire    . . .     SeeInvis .   a - +0 war axe
rCold    . . .     Gourm    .   c - +0 shield
rNeg     + . .     Faith    .   s - +0 plate armour
rPois    ∞         Spirit   .   (no helmet)
rElec    +         Reflect  .   (no cloak)
rCorr    .         Harm     .   (no gloves)
MR       +....                  (no boots)
Stlth    ..........             (no amulet)
HPRegen  0.09/turn              p - ring of protection from magic
MPRegen  0.09/turn              (no ring)

@: no status effects
A: negative energy resistance 1, electricity resistance, unbreathing,
petrification resistance, rot immunity, AC +3
a: no special abilities


You were on level 3 of the Dungeon.
You were not hungry.

You visited 1 branch of the dungeon, and saw 3 of its levels.

You collected 139 gold pieces.

Inventory:

Hand Weapons
 a - a +0 war axe (weapon)
Missiles
 q - 3 tomahawks (quivered)
 r - 34 sling bullets
Armour
 c - a +0 shield (worn)
 s - a +0 plate armour (worn)
Jewellery
 p - a ring of protection from magic (left hand)
Scrolls
 b - 5 scrolls of identify {unknown}
 e - a scroll of amnesia {unknown}
 k - 2 scrolls of random uselessness {unknown}
 m - a scroll of immolation {unknown}
 n - a scroll of teleportation {unknown}
 o - 3 scrolls of remove curse {unknown}
Potions
 d - a potion of might
 h - 4 potions of curing
 i - a potion of brilliance {unknown}
 j - a potion of heal wounds {unknown}
 l - 2 potions of ambrosia {unknown}
 t - a potion of agility {unknown}
Comestibles
 f - 4 rations
 g - 3 chunks of flesh


   Skills:
 + Level 4.1 Fighting
 - Level 1.7 Axes
 + Level 4.0 Armour
 + Level 4.1 Shields


You had 3 spell levels left.
You didn't know any spells.
Your spell library was empty.

Dungeon Overview and Level Annotations

Branches:
Dungeon (3/15)

Altars:
Nemelex Xobeh


Innate Abilities, Weirdness & Mutations

You are resistant to torment.
Your stone body is resilient. (AC +3)
You are immune to poison.
You resist negative energy. (rN+)
You are resistant to electric shocks. (rElec)
You can survive without breathing.
You are immune to petrification.
You are immune to rotting.


Message History

A puff of frost appears from out of thin air!
The puff of frost hits you!
You closely miss something.
You hear some strange, mumbled words.
A magic dart appears from out of thin air!
The magic dart hits you! Something hits you but does no damage.
Your shield and plate armour prevent you from hitting something.
Something hits you but does no damage. x2
You closely miss something. Something hits you.
Something hits you but does no damage. You block something's attack.
You hit something. Something hits you but does no damage.
You closely miss something. Something hits you but does no damage.
You block something's attack.
You miss something. Something hits you but does no damage. Something hits you.
* * * LOW HITPOINT WARNING * * *
You miss something. Something hits you but does no damage.
You hear some strange, mumbled words.
A magic dart appears from out of thin air!
The magic dart hits you!
You die...

(#####.##### ###..#
........#..# #....#
..###.....## #....#
÷......#...###....#
.###.#..#....#....#
.##..#.......####.#
.....#............#
#.................#
................@{#
...........######)#
...........# #.#
.......[..## .(.
.....#...## ...#
.######### o..# .#
o...# .# ..# .#


There were no monsters in sight!

Vanquished Creatures
  An adder (D:2)
  2 worms (D:2)
  A dart slug (D:1)
  4 orcs (D:3)
  3 bats (D:2)
  3 giant cockroaches
  4 goblins (D:1)
  5 hobgoblins
  2 frilled lizards
  9 kobolds
  6 rats
40 creatures vanquished.

Notes
Turn   | Place    | Note
-------+----------+-------------------------------------------
     0 | D:1      | GroovyGamera the Gargoyle Fighter began the quest for the
                  | Orb.
     0 | D:1      | Reached XP level 1. HP: 14/14 MP: 1/1
    97 | D:1      | Reached XP level 2. HP: 19/19 MP: 2/2
   509 | D:2      | Reached XP level 3. HP: 19/24 MP: 3/3
   604 | D:2      | Found a sparkling altar of Nemelex Xobeh.
  1056 | D:3      | Reached XP level 4. HP: 29/29 MP: 4/4
  1089 | D:3      | Killed from afar by an orc wizard

Vault maps used:
D:1:      wheals_arrival_shading, minivault_24, nrook_uturn
D:2:      nemelex_xobeh_ov_fountains_minmay, first_ration
D:3:      marbit_many_paths, lemuel_doored_altar, lemuel_angel_altar, uniq_robin

Skill      XL: |  1  2  3 |
---------------+----------+-----
Fighting       | 4 |  4.1
Shields        | 4 |  4.1
Armour         | 4 |  4.0
Axes           | |  1.7

Action                   |  1- 3 |  4- 6 || total
-------------------------+-------+-------++-------
Melee: War axe           |   119 |    32 ||   151
  Use: Potion            |       |     1 ||     1
  Eat: Chunk             |     1 |       ||     1
Armor: Scale mail        |     9 |       ||     9
       Chain mail        |    73 |       ||    73
       Plate armour      |     6 |    28 ||    34
Dodge: Dodged            |    33 |     3 ||    36
Block: Shield            |    54 |    20 ||    74

Table legend:
 A = Non-vault XP
 B = Vault XP
 C = Vault XP percentage of total XP
 D = Non-vault monster count
 E = Vault monster count
 F = Vault count percentage of total count
                 A         B        C        D         E       F
            +---------+---------+-------+---------+---------+-------
      Total |      90 |       0 |   0.0 |      40 |       0 |   0.0
            +---------+---------+-------+---------+---------+-------
        D:1 |      23 |       0 |   0.0 |      14 |       0 |   0.0
        D:2 |      51 |       0 |   0.0 |      20 |       0 |   0.0
        D:3 |      16 |       0 |   0.0 |       6 |       0 |   0.0
            +---------+---------+-------+---------+---------+-------
